 Dungeon Crawl Stone Soup version 0.31.0-11-ge490571c62 (webtiles) character file.

Game seed: 16287422361162545358

6345 Armakuni the Skirmisher (level 10, -1/54 HPs)
             Began as a Deep Elf Gladiator on Jan 27, 2024.
             Was an Initiate of Gozag.
             Slain by an unseen horror zombie (3 damage)
             ... on level 9 of the Dungeon.
             The game lasted 00:50:14 (9494 turns).

Armakuni the Skirmisher (Deep Elf Gladiator)        Turns: 9494, Time: 00:50:15

Health: -1/54      AC: 11    Str: 11    XL:     10   Next: 64%
Magic:  15/20      EV: 14    Int: 14    God:    Gozag
Gold:   104        SH:  0    Dex: 26    Spells: 8/20 levels left

rFire   . . .        a - +6 falchion of Ahikenae {freeze, rElec}
rCold   . . .        (no shield)
rNeg    . . .        u - +2 leather armour {rPois}
rPois   +            m - +1 helmet
rElec   +            (no cloak)
rCorr   .            (no gloves)
SInv    .            (no boots)
Will    +....        (no amulet)
Stlth   ++           D - +6 ring of dexterity
HPRegen 0.29/turn    A - +4 ring of protection
MPRegen 0.17/turn

%: no passive effects
@: gold aura, freezing walls
A: no striking features
a: Renounce Religion, Potion Petition, Call Merchant, Bribe Branch


You were on level 9 of the Dungeon.
You worshipped Gozag.
Gozag was aware of your devotion.
You visited 2 branches of the dungeon, and saw 12 of its levels.

You collected 1044 gold pieces.
You spent 844 gold pieces at shops.
You paid 96 gold pieces to Gozag.

Inventory:

Hand Weapons
 a - the +6 falchion of Ahikenae (weapon) {freeze, rElec}
   (You bought it in a shop on level 4 of the Dungeon)

   rElec:     It insulates you from electricity.
 b - a +0 sling
 q - a +3 scimitar
Armour
 m - a +1 helmet (worn)
 u - a +2 leather armour of poison resistance (worn)
Magical Staves
 i - a staff of alchemy
Jewellery
 A - a +4 ring of protection (right hand)
 D - a +6 ring of dexterity (left hand)
 F - the ring "Reganah" {rF+ MP+9 Str+5}
   (You took it off an orc wizard on level 6 of the Dungeon)

   [ring of magical power]

   Str+5:     It affects your strength (+5).
   rF+:       It protects you from fire.
   MP+9:      It affects your magic capacity (+9).
 P - a ring of poison resistance
Wands
 p - a wand of polymorph (3)
Scrolls
 d - 2 scrolls of amnesia
 e - a scroll of teleportation
 f - a scroll of enchant weapon
 g - a scroll of noise
 h - 2 scrolls of identify
 j - a scroll of silence
 l - a scroll of enchant armour
 n - a scroll of vulnerability
 o - 3 scrolls of fog
Potions
 r - a potion of brilliance


   Skills:
 - Level 2.5 Fighting
 - Level 3.0 Staves
 - Level 11.6 Ranged Weapons
 - Level 2.0 Throwing
 - Level 3.6 Dodging
 + Level 5.5 Spellcasting
 - Level 9.2 Hexes
 + Level 3.5 Summonings
 - Level 10.0 Ice Magic
 + Level 3.2 Air Magic


You had 8 spell levels left.
You knew the following spells:

 Your Spells              Type           Power      Damage    Failure   Level
e - Metabolic Englaciati  Hex/Ice        15%        N/A       12%         5
l - Summon Lightning Spi  Summ/Air       13%        N/A       47%         4
r - Frozen Ramparts       Ice            62%        1d10      1%          3

Your spell library contained the following spells:

 Spells                   Type           Power      Damage    Failure   Level
 Freeze                   Ice            100%       1d10      1%          1
 Call Imp                 Summ           26%        N/A       8%          2
 Hailstorm                Conj/Ice       17%        3d6       9%          3
 Magic Dart               Conj           12%        1d3       22%         1
 Blink                    Tloc           6%         N/A       32%         2
 Gell's Gravitas          Tloc           3%         N/A       54%         3
 Teleport Other           Tloc           3%         N/A       54%         3
 Animate Armour           Summ/Erth      16%        N/A       71%         4
 Leda's Liquefaction      Alch/Erth      1%         N/A       91%         4
 Petrify                  Alch/Erth      3%         N/A       91%         4
 Lee's Rapid Deconstruct  Erth           1%         3d4*      99%         5
 Dispersal                Tloc           1%         N/A       100%        6


Dungeon Overview and Level Annotations

Branches:
Dungeon (11/15)            Temple (1/1) D:5            Lair (0/5) D:9
    Orc: D:9-12

Altars:
Ashenzari
Cheibriados
Dithmenos
Elyvilon
Fedhas
Gozag
Kikubaaqudgha
Makhleb
Nemelex Xobeh
Okawaru
Qazlal
Ru
Sif Muna
Trog
Vehumet
Xom
Yredelemnul
The Shining One

Shops:
D:4 *![   D:5 *   D:6 *:

Annotations:
D:2 Terence
D:3 Blork the orc
D:8 exclusion: 2 downstairs
D:9 Pikel


Message History

The wall freezes the unseen horror zombie but does no damage.
The unseen horror zombie completely resists.
The wall freezes the unseen horror zombie but does no damage.
The wight completely resists.
The wall freezes the wight but does no damage.
The wight barely misses you.
The unseen horror zombie completely resists.
The wall freezes the unseen horror zombie but does no damage.
The unseen horror zombie is distracted by your dazzling golden aura.
You slash the wight!
You destroy the wight!
The unseen horror zombie is no longer distracted by gold.
The unseen horror zombie completely resists.
The wall freezes the unseen horror zombie but does no damage.
The unseen horror zombie completely resists.
The wall freezes the unseen horror zombie but does no damage.
The unseen horror zombie closely misses you.
The unseen horror zombie completely resists.
The wall freezes the unseen horror zombie but does no damage.
The unseen horror zombie hits you but does no damage.
The unseen horror zombie completely resists.
The wall freezes the unseen horror zombie but does no damage.
The unseen horror zombie hits you!
* * * LOW HITPOINT WARNING * * *
Your life force feels restored.
Okay, then.
Unknown command.
Okay, then.
Unknown command.
Okay, then.
Unknown command.
Okay, then.
Unknown command.
You hit the unseen horror zombie.
The unseen horror zombie is heavily damaged.
The unseen horror zombie completely resists.
The wall freezes the unseen horror zombie but does no damage.
The unseen horror zombie hits you.
You die...
Your body crumbles into a pile of gold.

..#...###.Y.##...........##
....###.Y^##*#............#
S###....##* #.......[....#
k#.KK#*** #............#
.$.##***** ##..........##
<$..#*,,,** **##$...#...##
..KK....,,***,,#$##..####
.#......,,,,,,*#$###..#
####...Z,,,,,,*#@# *#.#
#***,......#####Z# *.#
,,,,,,.........>.# *,#
,,,*,,,......P...# *,**
,,*,,,,,..~≈~~...#***,,*
,,,,,,,,.~~~~.~...,,,***
,****,,,..~~~~.....,,,** ,*
**,,..~~≈!......,,,* **
***#............,,*


You could see an unseen horror zombie.

Vanquished Creatures
  Maggie (D:8)
  A hornet (D:7)
  Grum (D:8)
  3 yaks (D:9)
  A steam dragon (D:8)
  4 water moccasins
  2 ice beasts
  3 sky beasts (D:8)
  3 black bears
  3 ogres
  3 wolves (D:8)
  A centaur (D:8)
  A lemure (D:8)
  3 bullfrogs
  2 scorpions (D:5)
  19 wights
  6 killer bees (D:8)
  2 bombardier beetles
  A howler monkey (D:6)
  4 jellies
  3 gnoll boudas
  3 hounds
  4 orc priests
  2 iguanas
  8 orc wizards
  Natasha (thrice) (D:3)
  17 gnolls
  11 adders
  A shadow imp (D:8)
  3 dart slugs
  4 ribbon worms
  22 orcs
  2 bats
  5 endoplasms
  3 giant cockroaches
  4 goblins
  11 hobgoblins
  4 jackals (D:2)
  4 quokkas
  8 ball pythons
  3 frilled lizards
  7 kobolds
  4 rats
200 creatures vanquished.

Vanquished Creatures (collateral kills)
  An unseen horror zombie (D:9)
  A wraith (D:9)
  A steam dragon (D:8)
  A bullfrog (D:9)
  2 killer bees (D:9)
6 creatures vanquished.

Vanquished Creatures (others)
  A wolf (D:8)
  3 kobolds (D:9)
4 creatures vanquished.

Grand Total: 210 creatures vanquished

Notes
Turn   | Place    | Note
-------+----------+-------------------------------------------
     0 | D:1      | Armakuni the Deep Elf Gladiator began the quest for the
                  | Orb.
     0 | D:1      | Reached XP level 1. HP: 12/12 MP: 3/3
   133 | D:1      | Reached skill level 1 in Ranged Weapons
   188 | D:1      | Reached skill level 2 in Ranged Weapons
   238 | D:1      | Reached XP level 2. HP: 16/16 MP: 4/4
   688 | D:2      | Reached skill level 3 in Ranged Weapons
   792 | D:2      | Noticed Terence
   869 | D:3      | Reached XP level 3. HP: 5/20 MP: 5/5
  1022 | D:3      | Reached skill level 4 in Ranged Weapons
  1217 | D:3      | Reached skill level 5 in Ranged Weapons
  1217 | D:3      | Reached XP level 4. HP: 25/25 MP: 6/6
  1275 | D:3      | Noticed a black bear
  1496 | D:2      | Found a faded altar of an unknown god.
  2049 | D:3      | Reached skill level 6 in Ranged Weapons
  2054 | D:3      | Noticed Natasha
  2057 | D:3      | Killed Natasha
  2058 | D:3      | Reached XP level 5. HP: 22/29 MP: 7/7
  2336 | D:3      | Killed a black bear
  2337 | D:3      | Reached skill level 7 in Ranged Weapons
  2452 | D:3      | Noticed Natasha
  2462 | D:3      | Killed Natasha
  2463 | D:3      | Reached XP level 6. HP: 21/34 MP: 8/8
  2542 | D:3      | Reached skill level 8 in Ranged Weapons
  2553 | D:3      | Noticed Natasha
  2566 | D:3      | Killed Natasha
  2670 | D:4      | Found Luseca's Distillery.
  2704 | D:4      | Bought a potion of heal wounds for 70 gold pieces
  2704 | D:4      | Bought a potion of lignification for 42 gold pieces
  2811 | D:4      | Reached skill level 9 in Ranged Weapons
  2944 | D:4      | Found a sparkling altar of Nemelex Xobeh.
  2980 | D:4      | Noticed Blork the orc
  3198 | D:4      | Reached XP level 7. HP: 38/38 MP: 9/9
  3344 | D:4      | Found Xuled's Assorted Antiques.
  3354 | D:4      | Bought a scroll labelled YLOBLI LATERA for 28 gold pieces
  3487 | D:4      | Found Faggiube's Antique Armour Boutique.
  3533 | D:5      | Entered Level 5 of the Dungeon
  3727 | D:5      | Reached skill level 10 in Ranged Weapons
  3730 | D:5      | Found a staircase to the Ecumenical Temple.
  3741 | D:5      | Found Muewitt's Gadget Gallery.
  3762 | Temple   | Entered the Ecumenical Temple
  3965 | Temple   | Became a worshipper of Gozag Ym Sagoz the Greedy
  4051 | D:5      | Reached skill level 11 in Ranged Weapons
  4138 | D:5      | Found a basalt altar of Yredelemnul.
  4375 | D:5      | Learned a level 3 spell: Frozen Ramparts
  4558 | D:6      | Reached skill level 1 in Spellcasting
  4561 | D:6      | Reached skill level 1 in Ice Magic
  4561 | D:6      | Reached XP level 8. HP: 28/43 MP: 9/13
  4939 | D:6      | Found an iron altar of Okawaru.
  4957 | D:6      | Reached skill level 5 in Ice Magic
  5148 | D:6      | Found Zeiduwu's Book Shop.
  5222 | D:4      | Bought a scorched falchion for 224 gold pieces
  5222 | D:4      | Identified the +6 falchion of Ahikenae {freeze, rElec} (You
                  | bought it in a shop on level 4 of the Dungeon)
  5274 | D:6      | Identified the ring "Reganah" {rF+ MP+9 Str+5}
  5780 | D:6      | Found Gawoduc's General Store.
  5824 | D:6      | Found a shadowy altar of Dithmenos.
  6016 | D:7      | Found a shimmering blue altar of Sif Muna.
  6129 | D:7      | Noticed a hornet
  6136 | D:7      | Paralysed by a hornet for 3 turns
  6286 | D:7      | Reached XP level 9. HP: 47/47 MP: 15/15
  6612 | D:7      | Learned a level 5 spell: Metabolic Englaciation
  6915 | D:8      | Found a radiant altar of Vehumet.
  7006 | D:8      | Reached skill level 10 in Ice Magic
  7643 | D:8      | Reached skill level 5 in Hexes
  8103 | D:8      | You fall into a shaft and drop 3 floors!
  8103 | D:11     | Found an iron altar of Okawaru.
  8114 | D:11     | Noticed a komodo dragon
  8137 | D:11     | Noticed a troll
  8180 | D:10     | Entered Level 10 of the Dungeon
  8192 | D:9      | Noticed Pikel
  8244 | D:8      | Found a white marble altar of Elyvilon.
  8244 | D:8      | Noticed Maggie
  8254 | D:8      | Killed Maggie
  8255 | D:8      | Reached XP level 10. HP: 31/54 MP: 13/16
  8456 | D:8      | Noticed Grum
  8476 | D:8      | Killed Grum
  8616 | D:6      | Bought a book of Iron for 480 gold pieces
  8622 | D:6      | Learned a level 4 spell: Summon Lightning Spire
  8952 | D:8      | Found a burning altar of Makhleb.
  9133 | D:8      | Reached skill level 1 in Summonings
  9133 | D:8      | Reached skill level 1 in Air Magic
  9362 | D:9      | Pikel changed into Pikel the harpy
  9362 | D:9      | Noticed Pikel
  9477 | D:9      | Reached skill level 5 in Spellcasting
  9493 | D:9      | HP: 1/53 [unseen horror zombie (7)]
  9494 | D:9      | Slain by an unseen horror zombie

Illustrated notes

Levels and vault maps discovered:
D:1:      scummos_arrival_star, layout_loops_ring
D:2:      layout_loops_cross, hellmonk_ecumenical_altar_dog_temple,
          grunt_ministairs_7, uniq_terence
D:3:      layout_loops_ring, kennysheep_nondescript, uniq_natasha
D:4:      layout_rooms, mainiacjoe_overflow_boulevard, serial_rivers,
          chequers_serial_rivers_room_b, chequers_serial_rivers_small_b,
          chequers_serial_rivers_micro_a, chequers_serial_rivers_micro_c,
          chequers_serial_rivers_small_b, serial_shops,
          nicolae_shop_pleasant_corner_grove, shop, shop, kennysheep_nub,
          uniq_blork_the_orc
D:5:      layout_cave_pods, amcnicky_altar_gilded, minmay_temple_entry_glass,
          nicolae_shop_gadgets
D:6:      layout_cave_pools, mainiacjoe_overflow_six_doors_small,
          kennysheep_mini, serial_shops, shop, nicolae_shop_statue_plus
D:7:      layout_basic, mainiacjoe_overflow_cross_hatched,
          chequers_serial_rivers_micro_d
D:8:      layout_loops_corners, makhleb_grotto_becter,
          mainiacjoe_overflow_brackets, lemuel_tele_altar, uniq_grum,
          uniq_maggie
D:9:      layout_rooms, erik_lair_island, serial_undead, serial_undead_e,
          serial_undead_f, serial_undead_a, serial_undead_d, uniq_pikel
D:10:     layout_irregular_city, mainiacjoe_overflow_divided_tiny,
          mainiacjoe_overflow_big_doors, uniq_erolcha
D:11:     layout_loops_ring, serial_shops, nicolae_shop_rolled_up,
          okawaru_ov_weapons_minmay, uniq_maurice
Temple:   compressed_dpeg_circular_temple

Skill      XL: |  1  2  3  4  5  6  7  8  9 10 |
---------------+-------------------------------+-----
Ranged Weapons | 2 3 5 6 7 9 11 | 11.6
Spellcasting   | 2 3 5 |  5.5
Ice Magic      | 1 7 10 | 10.0
Fighting       | 2 |  2.5
Hexes          | 7 9 |  9.2
Summonings     | 3 |  3.5
Air Magic      | 3 |  3.2
Staves         | |  3.0
Throwing       | |  2.0
Dodging        | |  3.6

Action                     |  1- 3 |  4- 6 |  7- 9 | 10-12 || total
---------------------------+-------+-------+-------+-------++-------
  Melee: Falchion          |       |       |    42 |    65 ||   107
         Punch             |       |       |     3 |       ||     3
         Unarmed           |       |       |       |    18 ||    18
   Fire: Sling             |   100 |   232 |   380 |    26 ||   738
  Throw: Throwing net      |     7 |     1 |       |       ||     8
   Cast: Frozen Ramparts   |       |       |    29 |    12 ||    41
  Evoke: Wand              |       |       |       |    12 ||    12
    Use: Potion            |     5 |     3 |    11 |     1 ||    20
         Scroll            |     4 |     3 |    17 |     4 ||    28
   Stab: Sleeping          |       |       |     2 |       ||     2
         Invisible         |       |       |       |     2 ||     2
 Armour: Leather armour    |    39 |    32 |   115 |    71 ||   257
         Skin              |    23 |    25 |    23 |     7 ||    78
         Ring mail         |     1 |    45 |       |       ||    46
  Dodge: Dodged            |    53 |   117 |   162 |   107 ||   439
